 Dungeon Crawl Stone Soup version 0.26-a0-597-gb535b0901c (webtiles) character file.

Game seed: 3019294571767221688

62 Alarkh the Insei (level 3, 0/30 HPs)
             Began as a Demonspawn Monk on Sept 3, 2020.
             Slain by a gnoll
             ... wielding a +2 spear of freezing
              (2 damage)
             ... on level 2 of the Dungeon.
             The game lasted 00:01:43 (1337 turns).

Alarkh the Insei (Demonspawn Monk)                  Turns: 1337, Time: 00:01:44

Health: 0/30       AC:  2    Str: 11    XL:     3   Next: 85%
Magic:  3/3        EV: 13    Int: 12    God:
Gold:   74         SH:  0    Dex: 15    Spells: 2/2 levels left

rFire    . . .     SeeInvis .     - Unarmed
rCold    . . .     Faith    .   (no shield)
rNeg     . . .     Spirit   .   a - +0 robe
rPois    .         Reflect  .   (no helmet)
rElec    .         Harm     .   (no cloak)
rCorr    .                      (no gloves)
MR       .....                  (no boots)
Stlth    ++........             (no amulet)
HPRegen  0.10/turn              (no ring)
MPRegen  0.08/turn              (no ring)

@: no status effects
A: spiny 1
a: no special abilities


You were on level 2 of the Dungeon.
You visited 1 branch of the dungeon, and saw 2 of its levels.

You collected 74 gold pieces.

Inventory:

Armour
 a - a +0 robe (worn)
Scrolls
 b - 2 scrolls of identify {unknown}
 c - a scroll of remove curse {unknown}
 d - a scroll of amnesia {unknown}
 e - a scroll of teleportation {unknown}


   Skills:
 + Level 3.6 Fighting
 - Level 2.6 Dodging
 - Level 1.7 Stealth
 * Level 3.9 Unarmed Combat


You had 2 spell levels left.
You didn't know any spells.
Your spell library was empty.

Dungeon Overview and Level Annotations

Branches:
Dungeon (2/15)

Altars:

Annotations:
D:2 1 exclusion


Innate Abilities, Weirdness & Mutations

You are partially covered in sharp spines.


Message History

The gnoll is heavily wounded.
The gnoll closely misses you.
You hit the gnoll.
The gnoll is severely wounded.
The gnoll hits you from afar with a +2 spear of freezing!
The gnoll freezes you. The gnoll is struck by your spines.
The gnoll hits you with a +0 spear.
* * * LOW HITPOINT WARNING * * *
You are too injured to fight recklessly!
You are too injured to fight recklessly!
The gnoll misses you.
The gnoll hits you from afar with a +0 spear.
* * * LOW HITPOINT WARNING * * *
You aren't carrying any potions.
Really walk into that dispersal trap?
You enter a dispersal trap!
The gnoll blinks! x3; You blink.
The gnoll hits you from afar with a +2 spear of freezing.
* * * LOW HITPOINT WARNING * * *
The gnoll freezes you.
You die...

#...#.###.###.##....)..##......##
#...#.# #.###...†..######......##
......###.##..≈≈≈†.# ######..<
#.........##.≈≈≈≈≈.# ####
##...#######§≈≈≈≈≈.# #...#
#.≈≈≈≈≈.## #...# ##.≈≈g≈≈..# #
##...######...≈≈..g§# ..
................@...#...
.....).........#.........
............#....§..#....
##...######.#.##§...#..... #...#
#....g....# #### #...#
###g####### #...# #.# #...#
#g########## ##...#####
#.##......[#


You could see 3 gnolls.

Vanquished Creatures
  2 gnolls
  A dart slug (D:2)
  A worm (D:2)
  A leopard gecko (D:1)
  A ball python (D:1)
  A giant cockroach (D:1)
  3 goblins
  5 hobgoblins
  3 jackals (D:1)
  A kobold (D:1)
  4 bats (D:1)
  11 frilled lizards
  4 rats (D:1)
38 creatures vanquished.

Notes
Turn   | Place    | Note
-------+----------+-------------------------------------------
     0 | D:1      | Alarkh the Demonspawn Monk began the quest for the Orb.
     0 | D:1      | Reached XP level 1. HP: 18/18 MP: 1/1
    97 | D:1      | You fall into a shaft and drop 1 floor!
   235 | D:1      | Gained mutation: You are partially covered in sharp spines.
                  | [demonic ancestry]
   235 | D:1      | Reached XP level 2. HP: 12/24 MP: 2/2
   969 | D:1      | Reached XP level 3. HP: 15/29 MP: 3/3
  1337 | D:2      | Slain by a gnoll

Illustrated notes

Levels and vault maps discovered:
D:1:      elethiomel_arrival_shortcut, layout_loops_corners
D:2:      layout_loops_cross, minmay_lizard_pond

Skill      XL: |  1 |
---------------+----+-----
Unarmed Combat | 3 |  3.9
Fighting       | |  3.6
Dodging        | |  2.6
Stealth        | |  1.7

Action                   || total
-------------------------++-------
Melee: Unarmed           ||   109
       Punch             ||     2
 Stab: Sleeping          ||     6
Armor: Robe              ||    10
Dodge: Dodged            ||    63

Table legend: (Time is in decaauts)
 A = Elapsed time spent in this place.
 B = Non-inter-level travel time spent in this place.
 C = Inter-level travel time spent in this place.
 D = Time resting spent in this place.
 E = Time spent auto-exploring this place.
 F = Levels seen in this place.
 G = Mean time per level.
                   A        B        C        D        E       F      G
               +--------+--------+--------+--------+--------+-----+--------+
         Total |   1330 |   1295 |     35 |    105 |    958 |   2 |  665.0 |
       Dungeon |   1330 |   1295 |     35 |    105 |    958 |   2 |  665.0 |
               +--------+--------+--------+--------+--------+-----+--------+

Top non-repeatable levels by time:
     D:1: 1130 daAuts
     D:2: 199 daAuts
